 Dungeon Crawl Stone Soup version 0.31.0-11-ge490571c62 (webtiles) character file.

Game seed: 1995176268572031171

81 Aneyh the Slasher (level 4, -4/29 HPs)
             Began as a Tengu Monk on Feb 5, 2024.
             Slain by an orc
             ... wielding a +0 trident
              (9 damage)
             ... on level 4 of the Dungeon.
             The game lasted 00:02:02 (887 turns).

Aneyh the Slasher (Tengu Monk)                       Turns: 887, Time: 00:02:05

Health: -4/29      AC:  2    Str: 11    XL:     4   Next: 42%
Magic:  5/5        EV: 13    Int: 10    God:
Gold:   91         SH:  0    Dex: 19    Spells: 3/3 levels left

rFire   . . .        a - +0 falchion
rCold   . . .        (no shield)
rNeg    . . .        b - +0 robe
rPois   .            (helmet restricted)
rElec   .            (no cloak)
rCorr   .            (no gloves)
SInv    .            (boots unavailable)
Will    .....        (no amulet)
Stlth   ++           (no ring)
HPRegen 0.24/turn    (no ring)
MPRegen 0.09/turn

%: acrobat
@: no status effects
A: beak, talons 3, acrobatic
a: no special abilities


You were on level 4 of the Dungeon.
You visited 1 branch of the dungeon, and saw 4 of its levels.

You collected 91 gold pieces.

Inventory:

Hand Weapons
 a - a +0 falchion (weapon)
 m - a +3 dagger
Missiles
 e - 6 poisoned darts (quivered)
Armour
 b - a +0 robe (worn)
 d - an orb of light
Scrolls
 g - a scroll of fog {unknown}
 i - a scroll of teleportation {unknown}
 l - 2 scrolls of identify {unknown}
 n - a scroll of amnesia {unknown}
 o - a scroll of revelation {unknown}
 p - a scroll of blinking {unknown}
Potions
 f - a potion of haste {unknown}
 h - a potion of invisibility {unknown}
 j - a potion of might {unknown}
 k - a potion of attraction {unknown}


   Skills:
 + Level 3.8 Fighting
 - Level 5.0 Long Blades
 - Level 3.2 Dodging


You had 3 spell levels left.
You didn't know any spells.
Your spell library contained the following spells:

 Spells                   Type           Power      Damage    Failure   Level
 Volatile Blastmotes      Fire/Tloc      0%         2d10      75%         3
 Fulminant Prism          Conj/Alch      0%         3d5       98%         4
 Iskenderun's Mystic Bla  Conj/Tloc      0%         2d3       98%         4


Dungeon Overview and Level Annotations

Branches:
Dungeon (5/15)
 Temple: D:4-7

Altars:

Annotations:
D:4 2 transporters
D:5 Pikel


Innate Abilities, Weirdness & Mutations

You have a beak for a mouth.
You have claws for feet.
You can magically evade attacks while moving or waiting.


Message History

The hound attacks as it pursues you! The hound closely misses you. x2
The hound attacks as it pursues you! The hound misses you.
The hound misses you. The hound attacks as it pursues you!
The hound completely misses you. The hound attacks as it pursues you!
The hound completely misses you.
A phantom comes into view.
The hound completely misses you.
You hit the hound. Your kick misses the hound. You peck the hound.
The hound is severely wounded.
The hound closely misses you.
You hit the hound but do no damage. You claw the hound, but do no damage.
The hound is severely wounded.
The hound barely misses you. The hound bites you.
You barely miss the hound.
The hound is severely wounded.
The hound closely misses you.
You hit the hound. You claw the hound.
You kill the hound!
The orc closely misses you.
You have reached level 4!
You feel agile.
You slash the goblin!
You kill the goblin!
The orc closely misses you.
You are confused.
You feel invigorated. The phantom closely misses you.
The orc hits you from afar with a +0 trident!
* * * LOW HITPOINT WARNING * * *
The orc misses you.
You're too confused to move!
The phantom misses you.
The orc hits you from afar with a +0 trident.
The orc misses you.
You barely miss the orc. You claw the orc!
You kill the orc!
You feel less invigorated.
You feel less confused. The phantom hits you!
* * * LOW HITPOINT WARNING * * *
The orc hits you from afar with a +0 trident!
You die...

....... .....
..... ... ...
#.# #W# #@#
#)######
#oo....#
#..####.####.#
.............#
............!#
#............#
##....###.o..#
##..##.#....#


You could see a phantom and 2 orcs.

Vanquished Creatures
  A hound (D:4)
  An adder (D:2)
  A ribbon worm (D:2)
  An orc (D:4)
  A bat (D:1)
  2 endoplasms (D:1)
  2 giant cockroaches (D:1)
  11 goblins
  2 hobgoblins
  3 kobolds
  2 quokkas (D:1)
  6 ball pythons
  6 rats
39 creatures vanquished.

Notes
Turn   | Place    | Note
-------+----------+-------------------------------------------
     0 | D:1      | Aneyh the Tengu Monk began the quest for the Orb.
     0 | D:1      | Reached XP level 1. HP: 14/14 MP: 2/2
   126 | D:1      | Reached XP level 2. HP: 19/19 MP: 3/3
   129 | D:1      | Reached skill level 4 in Long Blades
   454 | D:1      | Found a faded altar of an unknown god.
   509 | D:1      | Reached XP level 3. HP: 23/23 MP: 4/4
   747 | D:2      | Reached skill level 5 in Long Blades
   805 | D:2      | You fall into a shaft and drop 2 floors!
   812 | D:4      | Found a transporter.
   816 | D:4      | Noticed a toenail golem
   836 | D:5      | Entered Level 5 of the Dungeon
   836 | D:5      | Noticed Pikel
   836 | D:5      | Noticed a lemure
   836 | D:5      | Noticed a lemure
   836 | D:5      | Noticed a lemure
   837 | D:5      | Noticed a black bear
   856 | D:4      | Found a transporter.
   863 | D:4      | Noticed a kobold brigand
   879 | D:4      | Noticed a phantom
   884 | D:4      | Reached XP level 4. HP: 10/29 MP: 5/5
   887 | D:4      | Slain by an orc

Illustrated notes

Levels and vault maps discovered:
D:1:      dpeg_arrival_houses_and_road, layout_basic,
          hellmonk_ecumenical_altar_inner_sanctum, nicolae_titane
D:2:      layout_basic, minmay_misc_feat_encased, uniq_robin
D:4:      layout_rooms, kennysheep_mini, gammafunk_ghost_abyssal_escape,
          dk_rats_in_the_wall
D:5:      layout_cave_pools, uniq_pikel

Skill      XL: |  1  2  3 |
---------------+----------+-----
Long Blades    | 4 5 |  5.0
Fighting       | |  3.8
Dodging        | |  3.2

Action                     |  1- 3 |  4- 6 || total
---------------------------+-------+-------++-------
  Melee: Falchion          |    69 |     2 ||    71
         Kick              |    13 |     1 ||    14
         Peck              |     9 |       ||     9
         Punch             |     2 |       ||     2
    Use: Potion            |       |     1 ||     1
   Stab: Sleeping          |     1 |       ||     1
 Armour: Robe              |    25 |     4 ||    29
  Dodge: Dodged            |   111 |     5 ||   116
